 Dungeon Crawl Stone Soup version 0.31-a0-986-g5e6e4ef867 (webtiles) character file.

Game seed: 17685721012797481529

114 timneilson the Changeling (level 4, -1/29 HPs)
             Began as an Octopode Shapeshifter on Nov 16, 2023.
             Succumbed to an orc wizard's poison
             ... on level 3 of the Dungeon.
             The game lasted 00:02:41 (1357 turns).

timneilson the Changeling (Octopode Shapeshifter)   Turns: 1357, Time: 00:02:42

Health: -1/29      AC:  1    Str: 15    XL:     4   Next: 97%
Magic:  4/4        EV: 18    Int: 12    God:
Gold:   82         SH:  0    Dex: 11    Spells: 3/3 levels left

rFire   . .          .
                       - Unarmed
rCold   . . .        (no shield)
rNeg    . . .        (helmet currently unavailable)
rPois   .            (no amulet)
rElec   .            e - +5 ring of evasion
rCorr   .            (no ring)
SInv    .            (no ring)
Will    .....        (no ring)
Stlth   +++          (no ring)
HPRegen 0.24/turn    (no ring)
MPRegen 0.09/turn    (no ring)
                     (no ring)

%: no passive effects
@: brilliant, lethally poisoned (-1 -> -32), beast-form
A: beast (slay +2), almost no armour, amphibious, 8 rings, camouflage 1,
gelatinous body 1, (nimble swimmer 1), tentacles
a: Begin Untransformation


You were on level 3 of the Dungeon.
You were a hulking beast.
You visited 1 branch of the dungeon, and saw 3 of its levels.

You collected 82 gold pieces.

Inventory:

Jewellery
 e - a +5 ring of evasion (left tentacle)
Talismans
 b - a beast talisman
 c - a flux talisman
Scrolls
 d - a scroll of teleportation {unknown}
 g - a scroll of silence
Potions
 a - 2 potions of lignification
 f - a potion of brilliance
 h - a potion of might {unknown}


   Skills:
 * Level 2.1 Fighting
 * Level 2.9 Dodging
 + Level 1.8 Stealth
 * Level 3.6 Unarmed Combat
 * Level 3.6 Shapeshifting


You had 3 spell levels left.
You didn't know any spells.
Your spell library contained the following spells:

 Spells                   Type           Power      Damage    Failure   Level
 Summon Small Mammal      Summ           0%         N/A       32%         1
 Blink                    Tloc           0%         N/A       45%         2
 Call Canine Familiar     Summ           0%         N/A       69%         3
 Summon Guardian Golem    Hex/Summ       0%         N/A       69%         3
 Manifold Assault         Tloc           0%         N/A       97%         4


Dungeon Overview and Level Annotations

Branches:
Dungeon (3/15)

Altars:

Shops:
D:1 [


Innate Abilities, Weirdness & Mutations

You are a hulking beast.
Your limbs bulge with bestial killing power. (Slay +2)
You cannot wear most types of armour.
You are amphibious.
You can wear up to eight rings at the same time.
Your skin changes colour to match your surroundings (Stealth+).
Your rubbery body absorbs attacks. (AC +1, EV +1)
((You are camouflaged when in or above water. (Stealth+)))
You have tentacles for arms and can constrict up to eight enemies at once.


Message History

3 orcs come into view.
Found a stone staircase leading up.
The kobold hits you with a +0 whip.
An orc wizard comes into view. It is wielding a +0 dagger of venom.
You see here a +0 ring mail.
You tentacle-slap the kobold. Your grab misses the kobold.
Your squeeze misses the kobold.
The kobold is moderately wounded.
You tentacle-slap the kobold.
You kill the kobold!
The goblin barely misses you.
You bludgeon the goblin!
You kill the goblin!
The orc attacks as it pursues you! The orc hits you with a +0 whip!
You see here a +0 club.
You see here a dart slug corpse.
You tentacle-slap the orc. You grab the orc. You squeeze the orc.
You kill the orc!
The orc wizard casts a spell.
The orc wizard flickers and vanishes!
Deactivating autopickup; reactivate with Ctrl-A.
You tentacle-slap the orc. Your grab misses the orc. You squeeze the orc!
You kill the orc!
Things that are here:
a +0 whip; a +0 flail; an orc corpse You miss something.
You tentacle-slap something. Something completely misses you.
You closely miss something. Something hits you.
You are poisoned.
You tentacle-slap something.
You feel very sick. Something hits you.
You are lethally poisoned!
You miss something.
You feel very sick. Something hits you.
* * * LOW HITPOINT WARNING * * *
You are more poisoned.
It was a potion of brilliance.
You feel clever all of a sudden.
You die... #. ..o.# .#.... #. .oo

# # ####. #)#.# .###.#
#. #.o###...... #.
#...#..# ..# #. ####)##
#.<...#
#.....#####.#.##
######..........w##.#
##...h{.....####..###.
##...###...............
#....<##.....######..#.
#.....#####.## ##.###
#.....# #.# #.# #
##...## #.# ##.###
#.### .# ##..#. #.#
#..... #.# #.##.#


There were no monsters in sight!

Vanquished Creatures
  An orc wizard (D:3)
  4 adders
  3 dart slugs
  4 orcs (D:3)
  2 ball pythons (D:1)
  2 endoplasms (D:1)
  3 giant cockroaches
  3 goblins
  5 hobgoblins
  4 kobolds
  A quokka (D:1)
  7 bats
  2 rats
41 creatures vanquished.

Notes
Turn   | Place    | Note
-------+----------+-------------------------------------------
     0 | D:1      | timneilson the Octopode Shapeshifter began the quest for
                  | the Orb.
     0 | D:1      | Reached XP level 1. HP: 13/13 MP: 1/1
   121 | D:1      | Reached XP level 2. HP: 18/18 MP: 2/2
   264 | D:1      | You fall into a shaft and drop 1 floor!
   281 | D:1      | Found Feavud's Antique Armour Emporium.
   519 | D:1      | Reached XP level 3. HP: 23/23 MP: 3/3
   913 | D:2      | Reached skill level 1 in Stealth
  1180 | D:3      | Reached XP level 4. HP: 17/29 MP: 4/4
  1357 | D:3      | Succumbed to an orc wizard's poison

Illustrated notes

Levels and vault maps discovered:
D:1:      co_arrival_square_in_a_square_in_a_square, layout_loops_ring,
          serial_shops, shop
D:2:      layout_loops_ring
D:3:      layout_loops_cross, uniq_ijyb

Skill      XL: |  1  2  3 |
---------------+----------+-----
Stealth        | 1 |  1.8
Fighting       | 2 |  2.1
Dodging        | |  2.9
Unarmed Combat | |  3.6
Shapeshifting  | |  3.6

Action                     |  1- 3 |  4- 6 || total
---------------------------+-------+-------++-------
  Melee: Unarmed           |    57 |    22 ||    79
         Constrict         |    13 |     5 ||    18
         Tentacles         |    10 |     5 ||    15
         Punch             |     2 |     1 ||     3
    Use: Scroll            |     3 |       ||     3
         Potion            |       |     1 ||     1
   Stab: Sleeping          |    10 |     2 ||    12
 Armour: Skin              |     8 |     9 ||    17
  Dodge: Dodged            |    40 |     9 ||    49

Table legend: (Time is in decaauts)
 A = Elapsed time spent in this place.
 B = Non-inter-level travel time spent in this place.
 C = Inter-level travel time spent in this place.
 D = Time resting spent in this place.
 E = Time spent auto-exploring this place.
 F = Levels seen in this place.
 G = Mean time per level.
                   A        B        C        D        E       F      G
               +--------+--------+--------+--------+--------+-----+--------+
         Total |   1350 |   1283 |     67 |      0 |   1000 |   3 |  450.0 |
       Dungeon |   1350 |   1283 |     67 |      0 |   1000 |   3 |  450.0 |
               +--------+--------+--------+--------+--------+-----+--------+

Top non-repeatable levels by time:
     D:2: 606 daAuts
     D:1: 559 daAuts
     D:3: 185 daAuts
